 Dungeon Crawl Stone Soup version 0.31-a0-664-g902f515a81 (webtiles) character file.

Game seed: 2381203700813590030

78 Xavori the Cutter (level 4, -7/34 HPs)
             Began as an Octopode Chaos Knight on Sept 2, 2023.
             Was a Plaything of Xom.
             Mangled by an unseen horror (shapeshifter) (8 damage)
             ... on level 2 of the Dungeon.
             The game lasted 00:02:11 (9620 turns).

Xavori the Cutter (Octopode Chaos Knight)           Turns: 9620, Time: 00:02:11

Health: -7/34      AC:  1    Str:  9      XL:     4   Next: 36%
Magic:  4/4        EV: 13    Int: 20      God:    Xom [....*.]
Gold:   498        SH:  0    Dex: 12 (13) Spells: 3/3 levels left

rFire   . . .        a - +0 short sword (chaos)
rCold   x . .        (no shield)
rNeg    . . .        (helmet restricted)
rPois   .            (no amulet)
rElec   .            c - +6 ring of intelligence
rCorr   .            (no ring)
SInv    .            (no ring)
Will    .....        (no ring)
Stlth   +++          (no ring)
HPRegen 0.25/turn    (no ring)
MPRegen 0.09/turn    (no ring)
                     (no ring)

%: no passive effects
@: no status effects
A: almost no armour, amphibious, 8 rings, camouflage 1, gelatinous body 1,
(nimble swimmer 1), tentacles, antennae 1, deterioration 1, robust 1, weak 1,
wild magic 1, evolution 2, cold vulnerability 1
a: Renounce Religion


You were on level 2 of the Dungeon.
You worshipped Xom.
You were a beloved toy of Xom.
You visited 1 branch of the dungeon, and saw 2 of its levels.

You collected 998 gold pieces.
You spent 500 gold pieces at shops.

Inventory:

Hand Weapons
 a - a +0 short sword of chaos (weapon)
Jewellery
 c - a +6 ring of intelligence (left tentacle)
Scrolls
 e - 3 scrolls of identify {unknown}
 g - a scroll of immolation {unknown}
 h - a scroll of enchant armour
Potions
 b - a potion of enlightenment {unknown}
 d - a potion of degeneration {unknown}
 f - a potion of heal wounds {unknown}
 i - 2 potions of curing {unknown}


   Skills:
 + Level 3.5 Fighting
 + Level 3.7 Short Blades
 + Level 2.8 Dodging
 + Level 3.0 Stealth


You had 3 spell levels left.
You didn't know any spells.
Your spell library contained the following spells:

 Spells                   Type           Power      Damage    Failure   Level
 Ozocubu's Armour         Ice            0%         N/A       58%         3
 Ozocubu's Refrigeration  Ice            0%         4d7       100%        7


Dungeon Overview and Level Annotations

Branches:
Dungeon (2/15)

Altars:
Uskayaw

Shops:
D:1 *


Innate Abilities, Weirdness & Mutations

You cannot wear most types of armour.
You are amphibious.
You can wear up to eight rings at the same time.
Your skin changes colour to match your surroundings (Stealth+).
Your rubbery body absorbs attacks. (AC +1, EV +1)
((You are camouflaged when in or above water. (Stealth+)))
You have tentacles for arms and can constrict up to eight enemies at once.
You have a pair of small antennae on your head.
Your body sometimes deteriorates upon taking damage.
You are robust. (+10% HP)
You are weak. (Str -2)
Your spells are a little harder to cast, but a little more powerful.
You have great hidden genetic potential.
You are vulnerable to cold. (rC-)


Message History

You feel sick.
Your Stealth skill increases to level 3!
You feel sick.
You are no longer poisoned.
i - 2 viscous puce potions Key pressed, stopping explore.
No target in view!
No target in view!
You now have 498 gold pieces (gained 11).
A dart slug comes into view.
A dart slug is nearby!
A dart slug is nearby!
A dart slug is nearby!
You hit the dart slug. You burn the dart slug. You grab the dart slug.
You squeeze the dart slug, but do no damage.
The dart slug is heavily wounded.
You constrict the dart slug, but do no damage.
The dart slug bites you but does no damage.
A dart slug is nearby!
You hit the dart slug.
You lose your grip on the shapeshifter.
The dart slug changes into a shapeshifter!
You grab the shapeshifter. You squeeze the shapeshifter.
The shapeshifter is heavily wounded.
You constrict the shapeshifter.
You lose your grip on something.
The shapeshifter changes into something you cannot see!
There is a strange disturbance nearby!
No target in view!
There is a strange disturbance nearby!
No target in view!
There is a strange disturbance nearby!
Deactivating autopickup; reactivate with Ctrl-A.
You miss something. Your squeeze misses something. Something hits you.
Your body deteriorates!
You feel clumsy. Something hits you but does no damage. Something hits you!
Something hits you!
You hit something. Your squeeze misses something. Something hits you!
* * * LOW HITPOINT WARNING * * *
You miss something. You squeeze something! Something hits you!
You die...

###........##.# * ##
..............# ,* #.
..............#####,# ########.
..........#.......#.# #........
...........$......#.### #........
......................###........
...........#.....................
...........##....................
................@......._......[.
............#..{.................
.....###....#####................
............# *...........#'##.
.....###..... *#...###....#....
.....# #.... ............#....
##........ .....###....#....
#........ #............#....
#......########.....##...†##....


There were no monsters in sight!

Vanquished Creatures
  3 adders (D:2)
  3 dart slugs (D:1)
  6 ball pythons
  4 endoplasms (D:2)
  4 giant cockroaches (D:1)
  3 hobgoblins
  3 kobolds
  2 quokkas
  3 bats (D:1)
  8 frilled lizards
  2 goblins
  5 rats (D:2)
46 creatures vanquished.

Notes
Turn   | Place    | Note
-------+----------+-------------------------------------------
     0 | D:1      | Xavori the Octopode Chaos Knight began the quest for the
                  | Orb.
     0 | D:1      | Reached XP level 1. HP: 16/16 MP: 1/1
   159 | D:1      | Found Dofe's Assorted Antiques.
   192 | D:1      | XOM is BORED!
   192 | D:1      | XOM: silly message
   211 | D:1      | Reached XP level 2. HP: 21/21 MP: 2/2
   239 | D:1      | XOM: divination: detect creatures
   261 | D:1      | XOM: divination: detect items
   347 | D:1      | XOM: noise
   483 | D:1      | Reached XP level 3. HP: 26/26 MP: 3/3
   681 | D:1      | Reached skill level 1 in Stealth
   852 | D:1      | XOM: divination: detect creatures
  1362 | D:1      | XOM: silly message
  1822 | D:1      | XOM: give mutations
  1822 | D:1      | Gained mutation: Your spells are a little harder to cast,
                  | but a little more powerful. [Xom's grace]
  1822 | D:1      | Gained mutation: Your flesh is cold resistant. (rC+) [Xom's
                  | grace]
  2177 | D:1      | XOM: divination: detect creatures
  2492 | D:1      | XOM: god gift: 9 gold pieces
  3128 | D:1      | XOM: god gift: 44 gold pieces
  3170 | D:1      | XOM is BORED!
  4544 | D:1      | XOM: god gift: twisted golden ring {god gift}
  4802 | D:1      | XOM: god gift: 57 gold pieces
  4838 | D:1      | XOM: scenery: 1 doors close
  5476 | D:1      | XOM: scenery: 1 doors open
  5616 | D:1      | XOM: give mutations
  5616 | D:1      | Gained mutation: You are robust. (+10% HP) [Xom's mischief]
  5616 | D:1      | Gained mutation: Your body sometimes deteriorates upon
                  | taking damage. [Xom's mischief]
  5616 | D:1      | Lost mutation: Your flesh is cold resistant. (rC+) [Xom's
                  | mischief]
  5616 | D:1      | Gained mutation: You are vulnerable to cold. (rC-) [Xom's
                  | mischief]
  5616 | D:1      | Gained mutation: Your natural rate of healing is unusually
                  | fast. [Xom's mischief]
  5657 | D:1      | XOM: scenery: 1 doors close
  6006 | D:1      | XOM: silly message
  6193 | D:1      | XOM: divination: detect creatures
  7035 | D:1      | XOM is BORED!
  7035 | D:1      | XOM: noise
  7452 | D:1      | XOM: summons 2 hostile shadow creatures
  8112 | D:1      | XOM: noise
  8249 | D:1      | XOM: give mutations
  8249 | D:1      | Gained mutation: You are partially covered in iridescent
                  | scales. (AC +2) [Xom's grace]
  8249 | D:1      | Gained mutation: You have a pair of small antennae on your
                  | head. [Xom's grace]
  8286 | D:1      | XOM: give mutations
  8286 | D:1      | Lost mutation: Your natural rate of healing is unusually
                  | fast. [Xom's mischief]
  8286 | D:1      | Gained mutation: You have hidden genetic potential. [Xom's
                  | mischief]
  8286 | D:1      | Lost mutation: You are partially covered in iridescent
                  | scales. (AC +2) [Xom's mischief]
  8286 | D:1      | Gained mutation: You are weak. (Str -2) [Xom's mischief]
  8667 | D:1      | XOM is BORED!
  8667 | D:1      | XOM: summons 2 hostile demons
  8947 | D:2      | XOM: divination: magic mapping
  9081 | D:1      | XOM: god gift: 756 gold pieces
  9100 | D:1      | Bought a triangular diamond amulet for 100 gold pieces
  9100 | D:1      | Bought a masterwork eveningstar for 400 gold pieces
  9100 | D:1      | Identified the +1 eveningstar of Inconvenience {flame,
                  | rElec Dex+3} (You bought it in a shop on level 1 of the
                  | Dungeon)
  9213 | D:2      | Found a hide-covered altar of Uskayaw.
  9243 | D:2      | HP: 1/28 [goblin/+0 club (4)]
  9350 | D:2      | Found a faded altar of an unknown god.
  9350 | D:2      | XOM: 10-stop teleportation journey
  9376 | D:2      | XOM: 5-stop teleportation journey
  9413 | D:2      | Reached XP level 4. HP: 34/34 MP: 4/4
  9469 | D:2      | Gained mutation: You have great hidden genetic potential.
                  | [hidden potential]
  9496 | D:2      | XOM: scenery: summon butterflies
  9612 | D:2      | a dart slug changed into a shapeshifter
  9612 | D:2      | Noticed a shapeshifter (shapeshifter)
  9612 | D:2      | a shapeshifter changed into something unseen
  9619 | D:2      | HP: 1/34 [something (12)]
  9620 | D:2      | Mangled by an unseen horror (shapeshifter)

Illustrated notes

Levels and vault maps discovered:
D:1:      minmay_arrival_split_and_join, layout_basic, serial_shops,
          nicolae_shop_statue_plus, minmay_lizard_pond
D:2:      layout_basic, shapermc_ecumenical_altar_pompeii, basic_altar

Skill      XL: |  1  2  3  4 |
---------------+-------------+-----
Stealth        | 2 3 |  3.0
Fighting       | |  3.5
Short Blades   | |  3.7
Dodging        | |  2.8

Action                     |  1- 3 |  4- 6 || total
---------------------------+-------+-------++-------
  Melee: Short sword       |    64 |    17 ||    81
         Constrict         |    14 |     4 ||    18
         Tentacles         |     6 |     5 ||    11
    Use: Scroll            |     2 |       ||     2
   Stab: Sleeping          |    12 |     5 ||    17
 Armour: Skin              |    26 |     9 ||    35
  Dodge: Dodged            |    38 |     5 ||    43

Table legend: (Time is in decaauts)
 A = Elapsed time spent in this place.
 B = Non-inter-level travel time spent in this place.
 C = Inter-level travel time spent in this place.
 D = Time resting spent in this place.
 E = Time spent auto-exploring this place.
 F = Levels seen in this place.
 G = Mean time per level.
                   A        B        C        D        E       F      G
               +--------+--------+--------+--------+--------+-----+--------+
         Total |   9607 |   9521 |     86 |   8259 |    969 |   2 | 4803.5 |
       Dungeon |   9607 |   9521 |     86 |   8259 |    969 |   2 | 4803.5 |
               +--------+--------+--------+--------+--------+-----+--------+

Top non-repeatable levels by time:
     D:1: 8437 daAuts
     D:2: 1169 daAuts
